 Dungeon Crawl Stone Soup version 0.31-a0-836-g3ceb0a68c4 (webtiles) character file.

Game seed: 16532465027416968195

17 IdlyInterested the Sneak (level 2, -3/22 HPs)
             Began as a Demonspawn Brigand on Sept 26, 2023.
             Slain by a kobold
             ... wielding a +0 whip
              (4 damage)
             ... on level 1 of the Dungeon.
             The game lasted 00:01:34 (716 turns).

IdlyInterested the Sneak (Demonspawn Brigand)        Turns: 716, Time: 00:01:34

Health: -3/22      AC:  3    Str: 11    XL:     2   Next: 44%
Magic:  2/2        EV: 12    Int: 12    God:
Gold:   37         SH:  0    Dex: 20    Spells: 1/1 levels left

rFire   . . .        a - +2 dagger
rCold   . . .        (no shield)
rNeg    . . .        g - +0 robe
rPois   .            (helmet restricted)
rElec   .            c - +0 cloak
rCorr   .            (no gloves)
SInv    .            (no boots)
Will    .....        (no amulet)
Stlth   +++          b - ring of flight
HPRegen 0.23/turn    l - +6 ring of dexterity
MPRegen 0.08/turn

%: no passive effects
@: flying
A: antennae 1
a: no special abilities


You were on level 1 of the Dungeon.
You visited 1 branch of the dungeon, and saw 1 of its levels.

You collected 37 gold pieces.

Inventory:

Hand Weapons
 a - a +2 dagger (weapon)
 p - a +0 short sword
Missiles
 d - 9 poisoned darts (quivered)
 e - 3 curare-tipped darts
 j - 23 stones
Armour
 c - a +0 cloak (worn)
 g - a +0 robe (worn)
 m - a +0 chain mail
Jewellery
 b - a ring of flight (left hand)
 l - a +6 ring of dexterity (right hand)
Scrolls
 f - a scroll of fog {unknown}
 i - a scroll of amnesia {unknown}
 k - a scroll of revelation {unknown}
 o - a scroll of teleportation {unknown}
Potions
 h - a potion of lignification {unknown}
 n - a potion of curing {unknown}


   Skills:
 - Level 2.0 Fighting
 + Level 2.1 Short Blades
 - Level 1.7 Throwing
 * Level 1.9 Dodging
 - Level 3.6 Stealth


You had one spell level left.
You didn't know any spells.
Your spell library contained the following spells:

 Spells                   Type           Power      Damage    Failure   Level
 Conjure Ball Lightning   Conj/Air       0%         3x3d6     100%        6
 Discord                  Hex            0%         N/A       100%        8
 Disjunction              Tloc           0%         N/A       100%        8


Dungeon Overview and Level Annotations

Branches:
Dungeon (1/15)

Altars:


Innate Abilities, Weirdness & Mutations

You have a pair of small antennae on your head.


Message History

The kobold shouts!
The kobold misses you.
You hit the kobold.
You kill the kobold!
Things that are here:
a +0 short sword; a kobold corpse
p - a +0 short sword You reach down and open the door. 2 kobolds come into view.
There is an open door here.
You hit the kobold but do no damage. The kobold hits you with a +0 whip.
You miss the kobold. The kobold hits you with a +0 whip.
You closely miss the kobold. The kobold hits you but does no damage.
You closely miss the kobold. The kobold hits you but does no damage.
You barely miss the kobold. The kobold hits you with a +0 whip.
You hit the kobold.
The kobold is heavily wounded.
The kobold misses you.
You hit the kobold.
The kobold is severely wounded.
The kobold hits you with a +0 whip.
You closely miss the kobold.
The kobold is severely wounded.
The kobold shouts!
The kobold closely misses you.
You barely miss the kobold.
The kobold is severely wounded.
The kobold attacks as it pursues you! The kobold hits you with a +0 whip.
* * * LOW HITPOINT WARNING * * *
There is an open door here.
The kobold attacks as it pursues you! The kobold hits you with a +0 whip.
* * * LOW HITPOINT WARNING * * *
You hit the kobold but do no damage.
The kobold is severely wounded.
The kobold hits you with a +0 whip.
* * * LOW HITPOINT WARNING * * *
You hit the kobold but do no damage.
The kobold is severely wounded.
The kobold hits you with a +0 whip.
You die...

####..## ##.......##
#####...####.........#
...........+.........+
#####...####.........#
#..## #.......# #.##
#.....# ##.## #.K.#
#...# ##K## ##.## #@#
#.# #.#
#.##########.##
#.........#...##
#####.#######....†.#
#..........##.#...##
#.###......##.##.##
#.#....##.######.
#.#.#............


You could see 2 kobolds.

Vanquished Creatures
  2 ball pythons (D:1)
  3 bats (D:1)
  4 endoplasms (D:1)
  A goblin (D:1)
  A kobold (D:1)
  A quokka (D:1)
  A frilled lizard (D:1)
13 creatures vanquished.

Notes
Turn   | Place    | Note
-------+----------+-------------------------------------------
     0 | D:1      | IdlyInterested the Demonspawn Brigand began the quest for
                  | the Orb.
     0 | D:1      | Reached XP level 1. HP: 16/16 MP: 1/1
    38 | D:1      | Reached skill level 1 in Dodging
   190 | D:1      | Gained mutation: You have a pair of small antennae on your
                  | head. [demonic ancestry]
   190 | D:1      | Reached XP level 2. HP: 22/22 MP: 2/2
   715 | D:1      | HP: 1/22 [kobold/+0 whip (3)]
   716 | D:1      | Slain by a kobold

Illustrated notes

Levels and vault maps discovered:
D:1:      evilmike_arrival_plus, layout_loops_corners, serial_shops,
          nicolae_shop_window_shopping, nicolae_shop_behind_doors

Skill      XL: |  1 |
---------------+----+-----
Dodging        | 1 |  1.9
Short Blades   | 2 |  2.1
Fighting       | |  2.0
Throwing       | |  1.7
Stealth        | |  3.6

Action                     || total
---------------------------++-------
  Melee: Dagger            ||    43
   Stab: Sleeping          ||     5
 Armour: Robe              ||    21
  Dodge: Dodged            ||    20

Table legend: (Time is in decaauts)
 A = Elapsed time spent in this place.
 B = Non-inter-level travel time spent in this place.
 C = Inter-level travel time spent in this place.
 D = Time resting spent in this place.
 E = Time spent auto-exploring this place.
 F = Levels seen in this place.
 G = Mean time per level.
                   A        B        C        D        E       F      G
               +--------+--------+--------+--------+--------+-----+--------+
         Total |    710 |    710 |      0 |    125 |    372 |   1 |  710.0 |
       Dungeon |    710 |    710 |      0 |    125 |    372 |   1 |  710.0 |
               +--------+--------+--------+--------+--------+-----+--------+

Top non-repeatable levels by time:
     D:1: 710 daAuts
